Map: Iron Fortress LE (Void)

Players

Pseudorandom

miwa - Winner!

  • Race: Zerg Zerg

VOD

http://www.twitch.tv/pseudorandom63/b/646849655

Description

Time

  • Played on: April 6, 2015, 10:47 p.m.
  • Length: 4:50
Show
View Real Time Build Order
Export as new Build Order

Pseudorandom Zerg 

Build Orders: Hatch First 

Get SALT Encoding   

  12  0:01  Drone  
  13  0:13  Overlord  
  13  0:20  Drone  
  14  0:31  Drone x2  
  14  0:35  Drone  
  17  0:45  Drone  
  18  0:56  Hatchery  
  17  0:58  Drone  
  17  1:03  Extractor  
  17  1:07  Drone  
  18  1:17  Spawning Pool  
  17  1:20  Drone  
  18  1:28  Drone  
  19  1:39  Overlord  
  19  2:03  Queen  
  19  2:04  Zergling x4  
  19  2:05  Metabolic Boost  
  19  2:08  Queen  
  23  2:09  Drone  
  23  2:15  Drone  
  27  2:19  Drone  
  28  2:23  Drone  
  28  2:29  Baneling Nest  
  28  2:33  Drone x2  
  30  2:41  Overlord  
  30  2:46  Drone  
  31  2:54  Drone  
  32  2:58  Drone  
  32  3:02  Lair  
  32  3:03  Extractor  
  31  3:06  Drone x2  
  31  3:11  Drone x2  
  31  3:12  Drone x2  
  37  3:16  Zergling x2  
  37  3:19  Drone  
  39  3:23  Overlord  
  39  3:27  Drone x3  
  42  3:37  Roach Warren  
  42  3:41  Zergling x6  
  43  3:46  Zergling x4  
  46  3:52  Zergling x6  
  47  3:57  Baneling x2  
  47  4:02  Spire  
  45  4:04  Zergling x2  
  43  4:20  Zergling x2  
  43  4:21  Zergling x8  
  44  4:29  Roach x2  
Show
View Real Time Build Order
Export as new Build Order

miwa Zerg - Winner!

Build Orders: Hatch First, Ravager All-In 

Get SALT Encoding   

  12  0:00  Drone  
  13  0:13  Overlord  
  13  0:17  Drone  
  14  0:32  Drone  
  14  0:33  Drone  
  17  0:35  Drone  
  17  0:54  Hatchery  
  17  0:56  Drone  
  17  0:59  Drone  
  17  1:01  Extractor  
  17  1:07  Drone  
  18  1:18  Spawning Pool  
  18  1:20  Drone  
  18  1:31  Drone  
  19  1:40  Overlord  
  19  2:02  Drone  
  19  2:05  Queen x2  
  19  2:07  Metabolic Boost  
  24  2:08  Zergling x2  
  24  2:11  Drone  
  24  2:14  Drone  
  27  2:18  Drone  
  27  2:22  Drone  
  29  2:29  Drone  
  30  2:34  Roach Warren, Extractor  
  30  2:35  Drone  
  29  2:39  Drone  
  30  2:45  Drone  
  30  2:49  Drone  
  32  2:55  Overlord  
  30  3:14  Roach  
  30  3:15  Roach x5  
  30  3:17  Roach  
  44  3:22  Overlord  
  44  3:28  Overlord  
  44  3:46  Overlord  
  44  3:56  Ravager x3  
  44  3:58  Zergling x16  
  44  4:00  Ravager  
  56  4:03  Overlord  
  56  4:06  Zergling x2  
  57  4:12  Ravager  
  57  4:14  Zergling x6  
  61  4:23  Zergling x4  
  50  4:30  Zergling x2  
  50  4:31  Zergling x2  
Tags
 
Add a new tag
Caveats
  • Supply blocks, unpowered buildings, or Contaminate may cause inaccurate times.
  • Supply counts are checked every 10 seconds.